 Dungeon Crawl Stone Soup version 0.25.0-9-g26727b657a (webtiles) character file.

Game seed: 5927050221483788254

1353 vurker the Chopper (level 8, -3/64 HPs)
             Began as a Formicid Fighter on June 16, 2020.
             Was an Initiate of Ru.
             Killed by nerve-wracking pain
             ... invoked by a shadow imp
              (12 damage)
             ... on level 5 of the Dungeon.
             The game lasted 00:07:11 (5790 turns).

vurker the Chopper (Formicid Fighter)               Turns: 5790, Time: 00:07:12

Health: -3/64      AC:  9    Str: 23    XL:     8   Next: 95%
Magic:  8/8        EV:  9    Int:  8    God:    Ru [......]
Gold:   156        SH: 11    Dex: 16    Spells: 7/7 levels left

rFire    + . .     SeeInvis +   a - +1 war axe
rCold    . . .     Gourm    .   c - +0 kite shield
rNeg     . . .     Faith    .   g - +0 ring mail (curse)
rPois    .         Spirit   .   (helmet unavailable)
rElec    .         Reflect  .   (no cloak)
rCorr    .         Harm     .   v - +0 pair of gloves
MR       .....                  k - +1 pair of boots
Stlth    +.........             (no amulet)
HPRegen  0.20/turn              l - +6 ring of dexterity
MPRegen  0.11/turn              s - ring of protection from fire

@: no status effects
A: permanent stasis, dig shafts and tunnels, four strong arms, antennae 3
a: Dig, Shaft Self, Renounce Religion


You were on level 5 of the Dungeon.
You worshipped Ru.
Ru was noncommittal.
You were hungry.

You visited 2 branches of the dungeon, and saw 6 of its levels.
You also visited: Sewer.

You collected 156 gold pieces.

Inventory:

Hand Weapons
 a - a +1 war axe (weapon)
 i - a +2 flail of venom
   (You took it off a gnoll on level 3 of the Dungeon)
Missiles
 p - a throwing net (quivered)
Armour
 b - a +0 scale mail
 c - a +0 kite shield (worn)
 g - a cursed +0 ring mail (worn)
   (You found it on level 1 of the Dungeon)
 k - a +1 pair of boots (worn)
   (You found it on level 1 of the Dungeon)
 v - a +0 pair of gloves (worn)
   (You found it in a sewer)
 w - the +4 ring mail of Kejofof {+Fly Int+3, unknown}
   (You found it in a sewer)

   It affects your intelligence (+3).
   It lets you fly.
Jewellery
 l - a +6 ring of dexterity (left hand)
   (You found it on level 2 of the Dungeon)
 s - a ring of protection from fire (right hand)
   (You found it on level 3 of the Dungeon)
Scrolls
 f - 2 scrolls of magic mapping
 h - 3 scrolls of identify
 r - a scroll of brand weapon {unknown}
Potions
 d - 6 potions of might
 j - 5 potions of brilliance
 m - a potion of mutation {unknown}
 n - a potion of lignification
 q - a potion of cancellation {unknown}
 t - 6 potions of magic {unknown}
 u - a potion of curing
Comestibles
 e - 6 rations
 o - 10 chunks of flesh


   Skills:
 + Level 6.0 Fighting
 * Level 6.7 Axes
 + Level 6.0 Armour
 + Level 6.5 Shields


You had 7 spell levels left.
You didn't know any spells.
Your spell library was empty.

Dungeon Overview and Level Annotations

Branches:
Dungeon (5/15)             Temple (1/1) D:4           Sewer (visited)

Altars:
Ashenzari
Cheibriados
Dithmenos
Elyvilon
Fedhas
Gozag
Hepliaklqana
Makhleb
Nemelex Xobeh
Qazlal
Ru
Sif Muna
Trog
Uskayaw
Vehumet
Wu Jian
Xom
Zin
The Shining One


Innate Abilities, Weirdness & Mutations

You cannot be hasted, slowed, berserked, paralysed or teleported.
You can dig through walls and to a lower floor.
Your four strong arms can wield two-handed weapons with a shield.
You have a pair of large antennae on your head. (SInv)


Message History

A crimson imp comes into view.
A crimson imp is nearby!
A gargoyle and a shadow imp come into view.
The shadow imp shouts, "Slither home, thou obnoxious moon-mazed hedge-pig!"
The crimson imp blinks!
You miss the crimson imp. You block the crimson imp's attack.
You hit the crimson imp but do no damage.
The crimson imp hits you.
You miss the crimson imp.
The crimson imp hits you but does no damage.
You hit the crimson imp but do no damage.
The crimson imp blinks!
You hit the gargoyle. You closely miss the shadow imp.
You block the gargoyle's attack.
The crimson imp blinks!
The shadow imp grinds its teeth.
The shadow imp barely misses you.
You hit the gargoyle but do no damage. You closely miss the shadow imp.
The gargoyle hurls a stone arrow at you.
The stone arrow hits you! You block the shadow imp's attack.
The gargoyle hits you with a +0 morningstar!
You hit the gargoyle. You hit the shadow imp.
You are feeling hungry.
You block the shadow imp's attack.
The gargoyle hurls a stone arrow at you.
The stone arrow misses you.
You hit the gargoyle. You hit the shadow imp.
You block the shadow imp's attack. The gargoyle completely misses you.
You closely miss the shadow imp. You slash the gargoyle!
You hit the crimson imp. You block the crimson imp's attack.
You block the shadow imp's attack.
The gargoyle hurls a stone arrow at you.
You block the stone arrow.
The crimson imp hits you but does no damage.
The shadow imp hits you but does no damage.
You hit the gargoyle but do no damage. You closely miss the crimson imp.
You hit the shadow imp.
The gargoyle hurls a stone arrow at you.
The stone arrow hits you!
* * * LOW HITPOINT WARNING * * *
The crimson imp hits you but does no damage.
The shadow imp hits you but does no damage.
You hit the gargoyle but do no damage. You hit the crimson imp.
You closely miss the shadow imp.
The gargoyle hurls a stone arrow at you.
The stone arrow hits you!
* * * LOW HITPOINT WARNING * * *
You block the crimson imp's attack. The shadow imp gestures at you.
Pain shoots through your body!
You die...

#)#.......##.#
#.#.##....##.#
###....(....##.#
#...####)...##.#
#.#.....(......##
#.......##(.(...#
###.....##..##).#
####.5...##..##..#
#...@...^##......#
#.#.95...'<..........
#........###..#..##..
..##......# #..#..# #
#. #......# #....##
.. ....$..# #. ..# #
.#..##### #. .>. ...#
##..


You could see a gargoyle, a crimson imp and a shadow imp.

Vanquished Creatures
  A phantom (D:5)
  A sky beast (D:5)
  2 ogres (D:5)
  2 centaurs
  2 bullfrogs (Sewer)
  A bullfrog zombie (D:5)
  A jelly (D:5)
  A centaur skeleton (D:5)
  3 orc priests
  A bullfrog skeleton (D:5)
  2 hounds
  2 orc wizards
  2 worker ants (D:4)
  4 gnolls (D:3)
  11 adders
  2 river rats (Sewer)
  3 oozes
  A worm (D:3)
  An adder skeleton (D:5)
  2 dart slugs
  9 leopard geckos
  11 orcs
  7 giant cockroaches
  11 goblins
  11 hobgoblins
  8 jackals
  6 quokkas
  12 ball pythons
  A ball python skeleton (D:5)
  A ball python zombie (D:5)
  9 bats
  10 frilled lizards
  6 kobolds
  A quokka skeleton (D:5)
  33 rats
181 creatures vanquished.

Notes
Turn   | Place    | Note
-------+----------+-------------------------------------------
     0 | D:1      | vurker the Formicid Fighter began the quest for the Orb.
     0 | D:1      | Reached XP level 1. HP: 18/18 MP: 1/1
   389 | D:1      | Reached XP level 2. HP: 24/24 MP: 2/2
   758 | D:1      | Reached XP level 3. HP: 29/29 MP: 3/3
  1369 | D:2      | Found a hide-covered altar of Uskayaw.
  1576 | D:2      | Reached XP level 4. HP: 34/37 MP: 4/4
  2105 | D:3      | Reached XP level 5. HP: 42/42 MP: 5/5
  2514 | D:3      | Found a glowing drain.
  2522 | Sewer    | Entered a sewer
  2735 | Sewer    | Got a shimmering ring mail
  2752 | Sewer    | Reached XP level 6. HP: 39/48 MP: 6/6
  3127 | Sewer    | Reached skill level 5 in Shields
  3127 | Sewer    | Reached XP level 7. HP: 36/55 MP: 7/7
  3961 | D:4      | Found a blossoming altar of Fedhas.
  3990 | D:4      | Found a staircase to the Ecumenical Temple.
  3996 | Temple   | Entered the Ecumenical Temple
  4202 | Temple   | Became a worshipper of Ru the Awakened
  4264 | D:4      | Reached skill level 5 in Axes
  4264 | D:4      | Reached skill level 5 in Armour
  4472 | D:4      | Reached skill level 5 in Fighting
  4873 | D:4      | Found a shimmering blue altar of Sif Muna.
  4876 | D:4      | Found a snail-covered altar of Cheibriados.
  4879 | D:4      | Found a shadowy altar of Dithmenos.
  4981 | D:5      | Entered Level 5 of the Dungeon
  4986 | D:5      | Reached XP level 8. HP: 54/62 MP: 8/8
  5779 | D:5      | Noticed a gargoyle
  5790 | D:5      | Killed from afar by a shadow imp

Illustrated notes

Levels and vault maps discovered:
D:1:      dpeg_arrival_signposts, layout_basic, minmay_shallow_snake_nest
D:2:      layout_rooms, nicolae_overflow_crystal_walls, serial_forest,
          infiniplex_forest_end_1, infiniplex_forest_straight_4,
          infiniplex_forest_lined_3_way, infiniplex_forest_clump_small,
          infiniplex_forest_straight_4, infiniplex_forest_end_2,
          infiniplex_forest_clump_medium, infiniplex_forest_side_room,
          infiniplex_forest_clump_diagonal
D:3:      minmay_general_purpose_star, layout_basic, first_ration,
          gup_sewer_entry_pipe
D:4:      layout_rooms, grunt_temple_overflow_diamond, minmay_temple_entry_grid,
          fedhas_bush_and_centaur_altar
D:5:      layout_basic, st_stairs_7
Temple:   lightli_temple_of_artemis

Skill      XL: |  1  2  3  4  5  6  7  8 |
---------------+-------------------------+-----
Shields        | 4 5 6 |  6.5
Axes           | 3 4 5 6 |  6.7
Fighting       | 4 5 6 |  6.0
Armour         | 4 5 6 |  6.0

Action                   |  1- 3 |  4- 6 |  7- 9 || total
-------------------------+-------+-------+-------++-------
Melee: War axe           |   108 |   129 |   245 ||   482
       Flail             |       |    37 |       ||    37
 Abil: Dig               |       |     2 |     3 ||     5
  Use: Scroll            |       |     6 |     4 ||    10
       Potion            |       |     3 |       ||     3
  Eat: Chunk             |     2 |     6 |     9 ||    17
Armor: Ring mail         |    52 |   116 |    78 ||   246
Dodge: Dodged            |    46 |    89 |    81 ||   216
Block: Kite shield       |    57 |   138 |   158 ||   353
